 Dungeon Crawl Stone Soup version 0.20-a0-785-g17250f0 (webtiles) character file.

184 nikopol the Skirmisher (level 5, -5/33 HPs)
             Began as a Gargoyle Berserker on Feb 27, 2017.
             Was a Believer of Trog.
             Slain by Sigmund
             ... wielding a cursed -2 scythe
              (7 damage)
             ... on level 3 of the Dungeon.
             The game lasted 00:05:37 (2491 turns).

nikopol the Skirmisher (Gargoyle Berserker)         Turns: 2491, Time: 00:05:38

Health: -5/33      AC:  9    Str: 21    XL:     5   Next: 64%
Magic:  5/5        EV: 11    Int:  7    God:    Trog [**....]
Gold:   137        SH:  0    Dex: 10    Spells: 4/4 levels left

rFire    . . .     SeeInvis .   a - +0 flail (protect)
rCold    . . .     Gourm    .   o - +0 ring mail
rNeg     + . .     Faith    .   (no shield)
rPois    ∞         Spirit   .   (no helmet)
rElec    +         Reflect  .   (no cloak)
rCorr    .         Harm     .   (no gloves)
MR       .....                  (no boots)
Stlth    ..........             (no amulet)
Regen    0.2/turn               (no ring)
MPRegen  0.1/turn               (no ring)

@: exhausted, slowed, very slow
A: negative energy resistance 1, electricity resistance, unbreathing,
petrification resistance, rot immunity, AC +4
a: Berserk, Trog's Hand, Burn Spellbooks, Renounce Religion


You were on level 3 of the Dungeon.
You worshipped Trog.
Trog was pleased with you.
You were very hungry.

You visited 1 branch of the dungeon, and saw 3 of its levels.

You collected 137 gold pieces.

Inventory:

Hand Weapons
 a - a +0 flail of protection (weapon)
 u - a +0 mace
Armour
 b - a +0 animal skin
 l - a +0 leather armour
 o - a +0 ring mail (worn)
Scrolls
 d - 3 scrolls of remove curse {unknown}
 h - a scroll of blinking {unknown}
 i - a scroll of magic mapping {unknown}
 k - 6 scrolls of identify {unknown}
 m - 4 scrolls of teleportation {unknown}
 n - a scroll of recharging {unknown}
 p - a scroll of noise {unknown}
 q - a scroll of fog {unknown}
 s - a scroll of enchant armour {unknown}
Potions
 e - 2 potions of mutation {unknown}
 r - a potion of heal wounds {unknown}
 t - a potion of flight {unknown}
Comestibles
 c - 2 bread rations
 f - 4 chunks of flesh
 g - 2 royal jellies
 j - a meat ration


   Skills:
 + Level 4.2 Fighting
 + Level 4.1 Maces & Flails
 + Level 3.5 Armour
 + Level 2.6 Dodging


You had 4 spell levels left.
You didn't know any spells.

Dungeon Overview and Level Annotations

Branches:
Dungeon (3/15)

Altars:
Cheibriados
Yredelemnul

Annotations:
D:3 Sigmund


Innate Abilities, Weirdness & Mutations

You are resistant to torment.
Your stone body is resilient. (AC +4)
You are immune to poison.
You resist negative energy. (rN+)
You are resistant to electric shocks. (rElec)
You can survive without breathing.
You are immune to petrification.
You are immune to rotting.


Message History

Something hits you but does no damage.
You closely miss something. The kobold hits you with a club.
Something hits you but does no damage. The kobold barely misses you.
Something hits you.
* * * LOW HITPOINT WARNING * * *
You see here a club.
You barely miss the kobold. The kobold hits you but does no damage.
Something hits you but does no damage. The kobold hits you but does no damage.
You bump into the rock wall.
The kobold hits you but does no damage. Something completely misses you.
You bump into the rock wall.
The kobold barely misses you. Something hits you.
* * * LOW HITPOINT WARNING * * *
The kobold barely misses you.
You miss the kobold.
You feel less confused. Something hits you.
* * * LOW HITPOINT WARNING * * *
The kobold barely misses you.
You closely miss the kobold. The kobold barely misses you. Something hits you!
You die...

#........###.#########.
#.. #.# #.# #.#
#..###'### #.......#
#...(...# #.......#
##.##.### #. #@# # #K#
#..{# ...#..# .... #.>.
... #### .. .


You could see a kobold.

Vanquished Creatures
  An orc priest (D:3)
  Natasha (D:3)
  A worker ant (D:3)
  2 adders
  A worm (D:2)
  6 leopard geckos
  4 orcs (D:3)
  3 giant cockroaches
  4 goblins
  14 hobgoblins
  5 jackals (D:3)
  2 quokkas
  4 ball pythons
  11 bats
  8 frilled lizards
  3 kobolds
  6 rats
  A spectral orc (D:3)
77 creatures vanquished.

Notes
Turn   | Place    | Note
-------+----------+-------------------------------------------
     0 | D:1      | nikopol the Gargoyle Berserker began the quest for the Orb.
     0 | D:1      | Reached XP level 1. HP: 14/14 MP: 1/1
   111 | D:1      | Reached XP level 2. HP: 17/19 MP: 2/2
   635 | D:2      | Reached XP level 3. HP: 18/23 MP: 3/3
   772 | D:2      | Found a snail-covered altar of Cheibriados.
  1029 | D:2      | Reached ** piety under Trog
  1282 | D:2      | Reached XP level 4. HP: 26/29 MP: 4/4
  1619 | D:3      | Noticed Natasha
  1627 | D:3      | Killed Natasha
  1847 | D:3      | Found a basalt altar of Yredelemnul.
  1933 | D:3      | Reached XP level 5. HP: 28/33 MP: 5/5
  2462 | D:3      | Noticed Sigmund
  2491 | D:3      | Slain by Sigmund

Vault maps used:
D:1:      eino_arrival_cavern_e
D:2:      nicolae_overflow_crystal_walls, kennysheep_pointless_box,
          serial_bayou_pond_b
D:3:      yredelemnul_forgotten_temple_becter, uniq_sigmund, uniq_natasha

Skill      XL: |  1  2  3  4  5 |
---------------+----------------+-----
Dodging        | 2 |  2.6
Armour         | 3 |  3.5
Fighting       | 4 |  4.2
Maces & Flails | 4 |  4.1

Action                   |  1- 3 |  4- 6 || total
-------------------------+-------+-------++-------
Melee: Mace              |   122 |    98 ||   220
       Flail             |       |    48 ||    48
Invok: Berserk           |       |     3 ||     3
  Eat: Chunk             |     1 |     6 ||     7
Armor: Animal skin       |    16 |       ||    16
       Leather armour    |    10 |       ||    10
       Ring mail         |    27 |   115 ||   142
Dodge: Dodged            |    65 |   126 ||   191
